[ AOE2 MATCH · #506781428 ]
UnrankedChinese vs Celts
Player's team · WIN
Rival team · LOSS
[ REPLAY ANALYSIS · EXTRACTED FROM THE RECORDED GAME ]
Feudal
9:06
Castle
20:14
Imperial
37:01
| APM avg | 49.1 |
| APM peak | 104 |
| eAPM avg | 29.2 |
| Villagers / military | 148 / 189 |
Focus
⚔️ 45.1% · 🌾 54.9%
Scout Cavalry ×83 · Chu Ko Nu ×67 · Knight ×23 · Skirmisher ×5 · Scorpion ×4 · Monk ×3
Feudal
11:49
Castle
17:10
Imperial
39:49
| APM avg | 43.7 |
| APM peak | 82 |
| eAPM avg | 22.1 |
| Villagers / military | 146 / 215 |
Focus
⚔️ 29.9% · 🌾 70.1%
Spearman ×126 · Militia ×47 · Scorpion ×17 · Knight ×12 · Monk ×5 · Battering Ram ×4
Match map
Initial resources + every placement click. Lines = walls · curves = elevation contours. ◆ gold · ⬟ stone · ● berries · ✦ relic · ◌ wall gap
Your base· ✓ Closed at 20:14 · 33t walls · 2 gate(s)
pigrandom's base· ✓ Closed at 17:10 · 32t walls · no gate
Smoothed initial terrain · ◌ = detected wall gap · hover for details
Inputs per minute
— 巨大豚 - - pigrandom
Build order — 巨大豚
First 150 of 496 actions detected
| 0:01 | Research | Loom |
| 0:56 | Queue | Villager (Male) |
| 0:57 | Queue | Villager (Male) |
| 1:14 | Queue | Villager (Male) |
| 1:15 | Queue | Villager (Male) |
| 1:46 | Queue | Villager (Male) |
| 1:54 | Build | Lumber Camp |
| 2:11 | Queue | Villager (Male) |
| 2:35 | Queue | Villager (Male) |
| 3:04 | Queue | Villager (Male) |
| 3:10 | Build | House |
| 3:28 | Queue | Villager (Male) |
| 3:39 | Queue | Villager (Male) |
| 4:14 | Queue | Villager (Male) |
| 4:30 | Queue | Villager (Male) |
| 4:48 | Queue | Villager (Male) |
| 5:01 | Queue | Villager (Male) |
| 5:17 | Queue | Villager (Male) |
| 5:26 | Build | Mill |
| 5:27 | Queue | Villager (Male) |
| 5:38 | Queue | Villager (Male) |
| 5:45 | Queue | Villager (Male) |
| 5:50 | Queue | Villager (Male) |
| 6:01 | Queue | Villager (Male) |
| 6:03 | Build | House |
| 6:18 | Queue | Villager (Male) |
| 6:52 | Research | Feudal Age |
| 7:46 | Queue | Villager (Male) |
| 8:15 | Build | Barracks |
| 8:22 | Build | Palisade Wall |
| 8:25 | Build | Palisade Wall |
| 8:30 | Build | Palisade Wall |
| 8:47 | Build | Palisade Wall |
| 8:58 | Queue | Villager (Male) |
| 9:05 | Build | Palisade Wall |
| 9:06 | Age | Feudal Age |
| 9:12 | Queue | Villager (Male) |
| 9:15 | Build | Stable |
| 9:42 | Research | Double-Bit Axe |
| 9:42 | Research | Double-Bit Axe |
| 9:51 | Build | House |
| 9:57 | Queue | Scout Cavalry |
| 9:58 | Queue | Villager (Male) |
| 10:01 | Build | Farm |
| 10:03 | Build | Farm |
| 10:28 | Queue | Scout Cavalry |
| 10:31 | Queue | Villager (Male) |
| 10:42 | Queue | Scout Cavalry |
| 10:43 | Queue | Villager (Male) |
| 10:59 | Build | Farm |
| 11:09 | Build | Farm |
| 11:18 | Build | Farm |
| 11:23 | Queue | Villager (Male) |
| 11:38 | Build | Lumber Camp |
| 11:45 | Build | House |
| 11:46 | Build | House |
| 11:57 | Queue | Villager (Male) |
| 12:18 | Build | Archery Range |
| 12:26 | Queue | Villager (Male) |
| 12:40 | Queue | Villager (Male) |
| 12:42 | Build | House |
| 12:49 | Build | Farm |
| 12:49 | Build | Farm |
| 12:52 | Build | Farm |
| 13:12 | Build | Farm |
| 13:15 | Build | Farm |
| 13:25 | Queue | Skirmisher |
| 13:28 | Queue | Skirmisher |
| 13:29 | Queue | Villager (Male) |
| 13:37 | Build | Palisade Wall |
| 13:44 | Queue | Spearman |
| 13:54 | Queue | Villager (Male) |
| 13:55 | Queue | Skirmisher |
| 14:00 | Build | House |
| 14:05 | Build | House |
| 14:12 | Build | Palisade Wall |
| 14:22 | Build | Palisade Gate |
| 14:24 | Build | Blacksmith |
| 14:27 | Queue | Villager (Male) |
| 14:33 | Build | Palisade Wall |
| 14:39 | Queue | Villager (Male) |
| 14:41 | Build | Farm |
| 14:42 | Build | Farm |
| 15:04 | Build | Mining Camp |
| 15:05 | Queue | Villager (Male) |
| 15:16 | Queue | Skirmisher |
| 15:31 | Build | Farm |
| 15:37 | Build | Farm |
| 15:38 | Queue | Villager (Male) |
| 15:40 | Build | House |
| 15:42 | Build | Palisade Wall |
| 15:59 | Queue | Villager (Male) |
| 16:03 | Queue | Villager (Male) |
| 16:13 | Queue | Skirmisher |
| 16:21 | Build | Farm |
| 16:30 | Build | Market |
| 16:33 | Build | Palisade Gate |
| 16:57 | Build | House |
| 16:59 | Build | Palisade Wall |
| 17:09 | Queue | Villager (Male) |
| 17:33 | Research | Castle Age |
| 17:33 | Research | Castle Age |
| 17:51 | Build | Farm |
| 17:52 | Research | Horse Collar |
| 17:53 | Research | Horse Collar |
| 18:23 | Build | Stable |
| 18:32 | Build | Farm |
| 18:33 | Build | Farm |
| 18:43 | Research | Bloodlines |
| 18:54 | Build | Stone Wall |
| 19:28 | Build | Farm |
| 19:31 | Research | Scale Barding Armor |
| 19:56 | Build | House |
| 19:59 | Build | Palisade Wall |
| 20:06 | Build | House |
| 20:14 | Age | Castle Age |
| 20:16 | Build | Palisade Wall |
| 20:17 | Queue | Knight |
| 20:17 | Queue | Knight |
| 20:22 | Queue | Villager (Male) |
| 20:46 | Queue | Knight |
| 20:46 | Queue | Knight |
| 20:48 | Queue | Villager (Male) |
| 20:59 | Research | Husbandry |
| 20:59 | Research | Husbandry |
| 21:02 | Build | Monastery |
| 21:10 | Queue | Knight |
| 21:11 | Queue | Knight |
| 21:20 | Queue | Villager (Male) |
| 21:32 | Research | Bow Saw |
| 21:32 | Research | Bow Saw |
| 21:34 | Research | Wheelbarrow |
| 21:38 | Queue | Knight |
| 21:46 | Queue | Monk |
| 22:12 | Queue | Knight |
| 22:12 | Queue | Knight |
| 22:16 | Queue | Villager (Male) |
| 22:19 | Build | House |
| 22:27 | Queue | Villager (Male) |
| 22:31 | Research | Forging |
| 22:31 | Research | Forging |
| 22:32 | Queue | Knight |
| 22:38 | Research | Town Watch |
| 23:02 | Queue | Knight |
| 23:02 | Queue | Knight |
| 23:13 | Queue | Villager (Male) |
| 23:15 | Build | Farm |
| 23:35 | Research | Iron Casting |
| 23:35 | Research | Iron Casting |
| 23:41 | Queue | Knight |
Build order — pigrandom
First 150 of 440 actions detected
| 0:01 | Queue | Villager (Male) |
| 0:02 | Build | House |
| 0:03 | Build | House |
| 0:12 | Queue | Villager (Male) |
| 0:12 | Queue | Villager (Male) |
| 0:17 | Queue | Villager (Male) |
| 1:38 | Queue | Villager (Male) |
| 1:38 | Queue | Villager (Male) |
| 1:55 | Build | Lumber Camp |
| 1:55 | Queue | Villager (Male) |
| 1:55 | Queue | Villager (Male) |
| 2:24 | Queue | Villager (Male) |
| 2:24 | Queue | Villager (Male) |
| 2:50 | Queue | Villager (Male) |
| 2:51 | Queue | Villager (Male) |
| 3:14 | Queue | Villager (Male) |
| 3:31 | Build | House |
| 3:40 | Queue | Villager (Male) |
| 3:40 | Queue | Villager (Male) |
| 3:54 | Build | House |
| 4:01 | Queue | Villager (Male) |
| 4:02 | Queue | Villager (Male) |
| 4:31 | Queue | Villager (Male) |
| 4:32 | Queue | Villager (Male) |
| 4:42 | Build | Barracks |
| 4:53 | Queue | Villager (Male) |
| 4:56 | Queue | Villager (Male) |
| 4:57 | Queue | Villager (Male) |
| 5:29 | Queue | Villager (Male) |
| 5:29 | Queue | Villager (Male) |
| 5:39 | Queue | Militia |
| 5:51 | Queue | Villager (Male) |
| 5:51 | Queue | Villager (Male) |
| 5:52 | Queue | Villager (Male) |
| 5:52 | Queue | Villager (Male) |
| 6:14 | Queue | Militia |
| 6:30 | Queue | Militia |
| 6:32 | Queue | Villager (Male) |
| 6:32 | Queue | Villager (Male) |
| 6:48 | Research | Loom |
| 6:57 | Build | Palisade Wall |
| 7:27 | Build | House |
| 7:54 | Build | Palisade Wall |
| 7:56 | Queue | Villager (Male) |
| 8:14 | Queue | Villager (Male) |
| 8:15 | Queue | Villager (Male) |
| 8:27 | Build | House |
| 8:28 | Build | House |
| 9:07 | Queue | Villager (Male) |
| 9:14 | Build | Mill |
| 9:23 | Build | House |
| 9:23 | Build | House |
| 9:27 | Queue | Villager (Male) |
| 9:29 | Research | Feudal Age |
| 9:42 | Build | House |
| 10:29 | Build | Farm |
| 10:31 | Build | Farm |
| 10:33 | Build | Farm |
| 11:09 | Build | Farm |
| 11:10 | Build | Farm |
| 11:15 | Build | Farm |
| 11:18 | Build | Mining Camp |
| 11:31 | Queue | Villager (Male) |
| 11:31 | Queue | Villager (Male) |
| 11:49 | Age | Feudal Age |
| 11:59 | Build | Market |
| 12:03 | Queue | Villager (Male) |
| 12:05 | Queue | Villager (Male) |
| 12:49 | Build | Stable |
| 13:24 | Queue | Villager (Male) |
| 13:39 | Build | House |
| 13:58 | Build | Blacksmith |
| 14:04 | Build | Farm |
| 14:05 | Queue | Villager (Male) |
| 14:19 | Research | Castle Age |
| 14:20 | Research | Castle Age |
| 14:36 | Build | Blacksmith |
| 14:43 | Research | Double-Bit Axe |
| 14:59 | Build | House |
| 15:00 | Build | House |
| 15:35 | Research | Forging |
| 15:39 | Research | Scale Barding Armor |
| 15:43 | Build | House |
| 15:55 | Build | Palisade Wall |
| 16:16 | Build | Market |
| 16:36 | Build | Stable |
| 16:40 | Queue | Villager (Male) |
| 16:45 | Queue | Villager (Male) |
| 16:56 | Build | House |
| 17:07 | Build | Farm |
| 17:10 | Age | Castle Age |
| 17:14 | Build | House |
| 17:22 | Queue | Knight |
| 17:24 | Queue | Knight |
| 17:41 | Queue | Knight |
| 17:46 | Build | Farm |
| 17:48 | Build | Farm |
| 18:01 | Queue | Knight |
| 18:17 | Build | Palisade Wall |
| 18:33 | Build | Siege Workshop |
| 18:34 | Queue | Villager (Male) |
| 18:45 | Queue | Knight |
| 18:53 | Build | Farm |
| 19:20 | Build | Palisade Gate |
| 19:28 | Queue | Knight |
| 19:33 | Queue | Villager (Male) |
| 19:34 | Queue | Villager (Male) |
| 19:35 | Build | Farm |
| 19:39 | Build | Farm |
| 19:42 | Build | Lumber Camp |
| 19:57 | Build | Farm |
| 19:59 | Build | Farm |
| 20:03 | Queue | Knight |
| 20:13 | Queue | Knight |
| 20:14 | Queue | Knight |
| 20:17 | Research | Husbandry |
| 20:19 | Build | House |
| 20:20 | Build | House |
| 20:35 | Queue | Knight |
| 20:52 | Queue | Villager (Male) |
| 21:14 | Build | Town Center |
| 21:19 | Queue | Villager (Male) |
| 21:19 | Queue | Villager (Male) |
| 22:03 | Queue | Villager (Male) |
| 22:05 | Build | Monastery |
| 22:06 | Queue | Villager (Male) |
| 22:11 | Build | House |
| 22:19 | Build | Town Center |
| 22:43 | Queue | Knight |
| 22:43 | Queue | Knight |
| 23:03 | Build | Barracks |
| 23:06 | Queue | Villager (Male) |
| 23:43 | Queue | Spearman |
| 23:43 | Queue | Spearman |
| 23:45 | Queue | Villager (Male) |
| 23:45 | Queue | Villager (Male) |
| 23:59 | Build | Farm |
| 24:08 | Research | Horse Collar |
| 24:08 | Research | Horse Collar |
| 24:09 | Research | Bow Saw |
| 24:12 | Queue | Villager (Male) |
| 24:20 | Queue | Villager (Male) |
| 24:21 | Queue | Villager (Male) |
| 24:42 | Queue | Villager (Male) |
| 24:46 | Queue | Monk |
| 24:46 | Queue | Monk |
| 24:50 | Queue | Villager (Male) |
| 24:57 | Build | Mill |
| 24:58 | Build | Farm |
| 24:58 | Build | Farm |
Match timeline
| 4:42 | pigrandom · first_building Barracks |
| 6:57 | pigrandom · wall_segment Palisade Wall x24 |
| 7:54 | pigrandom · wall_segment Palisade Wall x8 |
| 8:15 | 巨大豚 · first_building Barracks |
| 8:22 | 巨大豚 · wall_segment Palisade Wall x1 |
| 8:25 | 巨大豚 · wall_segment Palisade Wall x1 |
| 8:30 | 巨大豚 · wall_segment Palisade Wall x1 |
| 8:47 | 巨大豚 · wall_segment Palisade Wall x5 |
| 9:05 | 巨大豚 · wall_segment Palisade Wall x3 |
| 9:06 | 巨大豚 · age_up feudal |
| 9:15 | 巨大豚 · first_building Stable |
| 11:49 | pigrandom · age_up feudal |
| 12:18 | 巨大豚 · first_building Archery Range |
| 12:49 | pigrandom · first_building Stable |
| 13:37 | 巨大豚 · wall_segment Palisade Wall x1 |
| 14:12 | 巨大豚 · wall_segment Palisade Wall x1 |
| 14:33 | 巨大豚 · wall_segment Palisade Wall x1 |
| 15:42 | 巨大豚 · wall_segment Palisade Wall x9 |
| 15:55 | pigrandom · wall_segment Palisade Wall x1 |
| 16:59 | 巨大豚 · wall_segment Palisade Wall x8 |
| 17:10 | pigrandom · age_up castle |
| 18:17 | pigrandom · wall_segment Palisade Wall x1 |
| 18:33 | pigrandom · first_building Siege Workshop |
| 18:54 | 巨大豚 · wall_segment Stone Wall x1 |
| 19:59 | 巨大豚 · wall_segment Palisade Wall x1 |
| 20:14 | 巨大豚 · age_up castle |
| 20:16 | 巨大豚 · wall_segment Palisade Wall x1 |
| 21:02 | 巨大豚 · first_building Monastery |
| 22:05 | pigrandom · first_building Monastery |
| 24:05 | pigrandom · first_market_sell 100 wood |
| 24:06 | pigrandom · first_market_buy 100 food |
| 24:35 | 巨大豚 · wall_segment Palisade Wall x1 |
| 24:41 | 巨大豚 · wall_segment Stone Wall x1 |
| 26:59 | 巨大豚 · wall_segment Stone Wall x1 |
| 28:23 | 巨大豚 · first_building Siege Workshop |
| 32:06 | pigrandom · wall_segment Palisade Wall x1 |
| 32:07 | pigrandom · wall_segment Palisade Wall x1 |
| 33:29 | 巨大豚 · first_market_sell 100 wood |
| 33:42 | 巨大豚 · first_building Castle |
| 35:07 | 巨大豚 · wall_segment Palisade Wall x1 |
| 37:01 | 巨大豚 · age_up imperial |
| 37:57 | pigrandom · first_building Castle |
| 39:49 | pigrandom · age_up imperial |
| 43:38 | 巨大豚 · wall_segment Stone Wall x1 |
| 48:42 | pigrandom · resign |
[ AI ANALYSIS · 1 CREDIT ]
What really happened in this match?
Wolo.gg analyzes every decision: build order, eco, micro, common mistakes by bracket. Personalized analysis on WhatsApp or Discord in 30 seconds.
Civ guide
Chinese
Perfil
Jugador #3075382